 Dungeon Crawl Stone Soup version 0.16.1-11-g651b585 (webtiles) character file.

73 Magnus the Sneak (level 4, 0/40 HPs)
             Began as a Naga Assassin on Apr 4, 2015.
             Killed from afar by Terence (4 damage)
             ... with a wand of magic darts
             ... on level 2 of the Dungeon.
             The game lasted 00:08:19 (2158 turns).

Magnus the Sneak (Naga Assassin)                    Turns: 2158, Time: 00:08:20

Health: 0/40       AC:  3    Str: 14    XL:     4   Next: 27%
Magic:  4/4        EV:  9    Int: 16    God:
Gold:   49         SH:  0    Dex: 13    Spells: 0 memorised, 3 levels left

rFire  + . .     SeeInvis +     a - +2 dagger
rCold  + . .     Clarity  .     c - +0 robe
rNeg   . . .     SustAb   .     (no shield)
rPois  +         Gourm    .     (no helmet)
rElec  +         Spirit   .     d - +0 cloak
rCorr  +         Warding  .     (no gloves)
rMut   .         Stasis   .     (no barding)
MR     .....                    (no amulet)
Stlth  ++++......               (no ring)
                                (no ring)

@: brilliant, short of breath, resistant, very slow, not resistant to hostile
enchantments, stealthy
A: spit poison, see invisible, deformed body, poison resistance, slowness 2, AC
+1
a: Spit Poison


You were on level 2 of the Dungeon.
You were not hungry.

You visited 1 branch of the dungeon, and saw 2 of its levels.

You collected 49 gold pieces.

Inventory:

Hand weapons
 a - a +2 dagger (weapon)
 b - a +0 blowgun
Missiles
 e - 8 poisoned needles
 f - 2 curare-tipped needles
Armour
 c - a +0 robe (worn)
 d - a +0 cloak (worn)
Jewellery
 i - an uncursed ring of positive energy
Magical devices
 l - a wand of fireball (5)
Scrolls
 m - a scroll of identify
 s - a scroll of enchant weapon {unknown}
Potions
 h - a potion of curing {unknown}
 k - a potion of invisibility {unknown}
 n - a potion of flight {unknown}
 q - a potion of brilliance
 r - a potion of resistance
Comestibles
 g - a bread ration
 o - 3 fruits
 p - 2 meat rations


   Skills:
 + Level 2.7 Fighting
 + Level 3.1 Short Blades
 - Level 1.7 Throwing
 - Level 0.7 Dodging
 + Level 6.9 Stealth


You had 3 spell levels left.
You didn't know any spells.

Dungeon Overview and Level Annotations

Branches:
Dungeon (2/15)

Altars:

Annotations:
D:2 Terence


Innate Abilities, Weirdness & Mutations

You cannot wear boots.
You can spit poison.
Your serpentine skin is tough (AC +1).
You have supernaturally acute eyesight.
Armour fits poorly on your strangely shaped body.
Your system is resistant to poisons.
You cover ground very slowly.


Message History

* * * LOW HITPOINT WARNING * * *
Read which item? (? for menu, Esc to quit)
As you read the scroll of fog, it crumbles to dust.
The scroll dissolves into smoke.
Terence hits you with a mace.
* * * LOW HITPOINT WARNING * * *
Drink which item? (? for menu, Esc to quit)
It was a potion of brilliance.
You feel clever all of a sudden.
Drink which item? (? for menu, Esc to quit)
It was a potion of resistance.
You feel protected.
You have got your breath back.
Terence hits you but does no damage.
Use which ability? (? or * to list)
Press: ? - help, Shift-Dir - straight line, f/p - Terence
Aim: Terence, wielding a mace, wearing a scale mail and carrying a wand of magic darts {zapped: 5} (black smoke, moderately wounded)
The splash of poison hits Terence.
Terence is severely wounded.
You feel slightly more hungry.
Terence zaps a wand.
The magic dart hits you!
You die...

..###.#########'########...##.###
.................................
..###.#####......#######...##....
..# #.# #......# #.#.##....
..###.#####......# #.#.......
.................# #.#..(....
<.###.#####...§§§# #.#..#....
..###.# #...§§§#######.#.......
......# #...§§@@§......#.##.###
#.##..#####.#.§###########>.....÷
............#..##.### #.##....
####..#.............# #.###### #
#..#)##.#..#.#.#.# #.# # #
#..#.#<.#..#.#.#.# #.# # .
...#.##.#..#.#.#.# #.# # .
....#.##.#..#.#.#.# #.# #
.######.##.#..#...#.######.######


You could see Terence.

Vanquished Creatures
  Jessica (D:2)
  An adder (D:2)
  A giant mite (D:2)
  A worm (D:2)
  2 giant geckos (D:1)
  An ooze (D:1)
  4 bats
  A giant cockroach (D:2)
  5 goblins
  4 jackals (D:2)
  2 kobolds (D:2)
  3 quokkas (D:2)
  4 giant newts
  3 rats
33 creatures vanquished.

Notes
Turn   | Place    | Note
--------------------------------------------------------------
     0 | D:1      | Magnus, the Naga Assassin, began the quest for the Orb.
     0 | D:1      | Reached XP level 1. HP: 19/19 MP: 1/1
    25 | D:1      | Reached skill level 6 in Stealth
   192 | D:1      | Reached XP level 2. HP: 20/26 MP: 2/2
  1010 | D:2      | Reached XP level 3. HP: 32/32 MP: 3/3
  1721 | D:2      | Noticed Jessica
  1736 | D:2      | Killed Jessica
  1736 | D:2      | Reached XP level 4. HP: 15/40 MP: 4/4
  2140 | D:2      | Noticed Terence
  2158 | D:2      | Killed from afar by Terence

Action                   |  1- 3 |  4- 6 || total
-------------------------+-------+-------++-------
Melee: Dagger            |    93 |    15 ||   108
 Abil: Spit Poison       |     1 |     2 ||     3
  Use: Scroll            |     4 |     1 ||     5
       Potion            |       |     2 ||     2
 Stab: Sleeping          |    10 |     1 ||    11
       Distracted        |     1 |       ||     1
  Eat: Chunk             |     2 |     2 ||     4
